 Dungeon Crawl Stone Soup version 0.32-a0-859-gb0a091d592 (webtiles) character file.

Game seed: 6457912450092942922

30 Dirtsage the Insei (level 3, 26/29 HPs)
             Began as a Demonspawn Monk on Mar 27, 2024.
             Quit the game on level 2 of the Dungeon.
             The game lasted 00:01:34 (1536 turns).

Dirtsage the Insei (Demonspawn Monk)                Turns: 1536, Time: 00:01:35

Health: 26/29      AC:  3    Str: 13    XL:     3   Next: 5%
Magic:  3/3        EV: 11    Int: 10    God:
Gold:   117        SH:  0    Dex: 15    Spells: 2/2 levels left

rFire   . .          .
                       - Unarmed
rCold   . . .        c - orb {light}
rNeg    . . .        a - +0 robe
rPois   .            (no helmet)
rElec   .            (no cloak)
rCorr   .            (no gloves)
SInv    .            j - +0 pair of boots
Will    .....        (no amulet)
Stlth   +            (no ring)
HPRegen 0.24/turn    (no ring)
MPRegen 0.08/turn

%: no passive effects
@: glowing
A: powered by pain 1, spiny 1
a: no special abilities


You were on level 2 of the Dungeon.
You visited 1 branch of the dungeon, and saw 2 of its levels.

You collected 117 gold pieces.

Inventory:

Armour
 a - a +0 robe (worn)
 c - an orb of light (worn)
 j - a +0 pair of boots (worn)
Magical Staves
 o - a staff of cold
Talismans
 g - a serpent talisman
Scrolls
 f - a scroll of immolation {unknown}
 h - a scroll of vulnerability {unknown}
 i - 2 scrolls of enchant armour {unknown}
 k - a scroll of noise {unknown}
 n - 2 scrolls of identify {unknown}
Potions
 b - a potion of ambrosia
 d - a potion of mutation {unknown}
 e - a potion of brilliance {unknown}
 l - a potion of experience {unknown}
 m - a potion of degeneration {unknown}


   Skills:
 - Level 3.0 Fighting
 - Level 2.6 Dodging
 + Level 3.8 Unarmed Combat


You had 2 spell levels left.
You didn't know any spells.
Your spell library contained the following spells:

 Spells                   Type           Power      Damage    Failure   Level
 Magic Dart               Conj           0%         1d3       36%         1
 Blink                    Tloc           0%         N/A       50%         2
 Call Imp                 Summ           0%         N/A       50%         2
 Ensorcelled Hibernation  Hex/Ice        0%         N/A       50%         2
 Fugue of the Fallen      Necr           0%         N/A       75%         3
 Anguish                  Hex/Necr       0%         N/A       98%         4


Dungeon Overview and Level Annotations

Branches:
Dungeon (2/15)

Altars:


Innate Abilities, Weirdness & Mutations

You sometimes gain a little power by taking damage.
You are partially covered in sharp spines.


Message History

The rat squeaks loudly.
There is an open door here.
The rat closely misses you.
You hit the rat.
The rat is heavily wounded.
The rat bites you.
You take 1 damage, and have 23/24 hp.
You hit the rat.
You kill the rat!
No target in view!
There is an open door here.
You see here a +0 dagger.
o - a staff of cold Health restored: 24 No target in view!
An endoplasm comes into view.
The endoplasm quivers.
An endoplasm comes into view.
The endoplasm quivers.
You hit the endoplasm.
The endoplasm is severely wounded.
The endoplasm freezes you.
You are frozen.
You take 3 damage, and have 21/24 hp.
You hit the endoplasm.
You kill the endoplasm!
The endoplasm hits you but does no damage.
You have reached level 3!
Your experience leads to an increase in your attributes!
Increase (s)trength, (i)ntelligence, or (d)exterity?
You feel stronger. x2; Your demonic ancestry asserts itself...
Sharp spines emerge from parts of your body.
You regained 4 hp, and now have 25/29 hp.
MP restored: 3 You hit the endoplasm.
You kill the endoplasm!
No target in view!
Are you sure you want to abandon this character and quit the game? (Confirm with "yes".)
Okay, then.
Are you sure you want to abandon this character and quit the game? (Confirm with "yes".)

........#
#.....#.###...###.#####
........# ###...).#
#...# #.##### ........#
#.##### #...# #......
........#####.# #######
#...... ...)....##....#
... #.....[
....######.######.#
###..... ###)#
#.##.....# .## #.......
###.#
#.##.#.###.....#..#...##
....# #.##.#?@.....#
#..#.#... #####
#.##.#.......#... #.#...
#....#......... #.#..#
######.#.....#. #.#..#
#....#.... #.#...
..#...#### #.#.##
#.....# #.)..# #. #..#
#.#... #########.#


There were no monsters in sight!

Vanquished Creatures
  A ribbon worm (D:2)
  2 bats
  2 endoplasms (D:2)
  3 giant cockroaches (D:2)
  5 goblins
  2 hobgoblins
  2 ball pythons
  4 frilled lizards
  3 kobolds
  2 rats
26 creatures vanquished.

Notes
Turn   | Place    | Note
-------+----------+-------------------------------------------
     0 | D:1      | Dirtsage the Demonspawn Monk began the quest for the Orb.
     0 | D:1      | Reached XP level 1. HP: 18/18 MP: 1/1
   372 | D:1      | Gained mutation: You sometimes gain a little power by
                  | taking damage. [demonic ancestry]
   372 | D:1      | Reached XP level 2. HP: 5/24 MP: 2/2
   629 | D:1      | Found a faded altar of an unknown god.
  1535 | D:2      | Gained mutation: You are partially covered in sharp spines.
                  | [demonic ancestry]
  1535 | D:2      | Reached XP level 3. HP: 25/29 MP: 3/3
  1536 | D:2      | Quit the game

Illustrated notes

Levels and vault maps discovered:
D:1:      saegor_arrival_simple_d, layout_basic,
          shapermc_ecumenical_altar_ellora, roderic_malta_cross
D:2:      layout_basic

Skill      XL: |  1 |
---------------+----+-----
Unarmed Combat | 3 |  3.8
Fighting       | |  3.0
Dodging        | |  2.6

Action                     || total
---------------------------++-------
  Melee: Unarmed           ||    64
 Armour: Robe              ||    31
  Dodge: Dodged            ||    37

Table legend: (Time is in decaauts)
 A = Elapsed time spent in this place.
 B = Non-inter-level travel time spent in this place.
 C = Inter-level travel time spent in this place.
 D = Time resting spent in this place.
 E = Time spent auto-exploring this place.
 F = Levels seen in this place.
 G = Mean time per level.
                   A        B        C        D        E       F      G
               +--------+--------+--------+--------+--------+-----+--------+
         Total |   1532 |   1501 |     31 |      0 |   1344 |   2 |  766.0 |
       Dungeon |   1532 |   1501 |     31 |      0 |   1344 |   2 |  766.0 |
               +--------+--------+--------+--------+--------+-----+--------+

Top non-repeatable levels by time:
     D:1: 1078 daAuts
     D:2: 454 daAuts
